 Dungeon Crawl Stone Soup version 0.28-a0-726-g4a9143789a (webtiles) character file.

Game seed: 18057091564222272246

37 lawman0 the Grasshopper (level 3, 0/28 HPs)
             Began as a Barachi Warper on Oct 27, 2021.
             Succumbed to an adder's poison
             ... on level 2 of the Dungeon.
             The game lasted 00:01:23 (1880 turns).

lawman0 the Grasshopper (Barachi Warper)            Turns: 1880, Time: 00:01:23

Health: 0/28       AC:  4    Str: 12    XL:     3   Next: 39%
Magic:  6/6        EV: 11    Int: 14    God:
Gold:   100        SH:  0    Dex: 11    Spells: 1/6 levels left

rFire   . . .      SeeInvis .   a - +0 falchion
rCold   . . .      Faith    .   (no shield)
rNeg    + . .      Spirit   .   b - +0 leather armour
rPois   .          Reflect  .   (no helmet)
rElec   .          Harm     .   (no cloak)
rCorr   .          Rampage  .   (no gloves)
Will    .....                   i - +0 pair of boots
Stlth   +.........              (no amulet)
HPRegen 0.09/turn               e - ring of positive energy
MPRegen 0.10/turn               (no ring)

@: lethally poisoned (0 -> -3), slow
A: amphibious, slowness 1, strong legs 1, +LOS
a: Hop


You were on level 2 of the Dungeon.
You visited 1 branch of the dungeon, and saw 2 of its levels.

You collected 100 gold pieces.

Inventory:

Hand Weapons
 a - a +0 falchion (weapon)
Missiles
 d - 5 boomerangs of dispersal (quivered)
Armour
 b - a +0 leather armour (worn)
 i - a +0 pair of boots (worn)
Jewellery
 e - a ring of positive energy (left hand)
Scrolls
 c - a scroll of blinking
Potions
 f - a potion of curing {unknown}
 g - 2 potions of magic {unknown}
 h - a potion of heal wounds {unknown}


   Skills:
 + Level 2.7 Fighting
 * Level 3.2 Long Blades
 + Level 1.0 Throwing
 + Level 1.8 Armour
 + Level 2.4 Dodging
 + Level 0.3 Stealth
 + Level 2.3 Spellcasting
 * Level 3.6 Translocations


You had one spell level left.
You knew the following spells:

 Your Spells              Type           Power      Damage    Failure   Level
a - Blink                 Tloc           22%        N/A       10%         2
b - Frozen Ramparts       Ice            2%         1d2       65%         3

Your spell library contained the following spells:

 Spells                   Type           Power      Damage    Failure   Level
 Gell's Gravitas          Tloc           5%         N/A       19%         3
 Lesser Beckoning         Tloc           11%        N/A       19%         3
 Teleport Other           Tloc           11%        N/A       19%         3
 Manifold Assault         Tloc           11%        N/A       87%         5
 Ice Form                 Ice/Tmut       1%         N/A       96%         4
 Summon Ice Beast         Ice/Summ       1%         N/A       96%         4


Dungeon Overview and Level Annotations

Branches:
Dungeon (2/15)

Altars:


Innate Abilities, Weirdness & Mutations

You are amphibious.
You cover ground slowly.
You can hop short distances.
You have an extended range of vision and can be seen from far away.


Message History

You are too injured to fight recklessly!
You hit the adder.
The adder is almost dead.
The adder bites you.
You are too injured to fight recklessly!
You hit the adder.
The adder is almost dead.
The adder barely misses you. x2
You are too injured to fight recklessly!
You closely miss the adder.
The adder is almost dead.
The adder barely misses you.
You are too injured to fight recklessly!
You miss the adder.
The adder is almost dead.
The adder bites you but does no damage. The adder bites you.
* * * LOW HITPOINT WARNING * * *
You are lethally poisoned!
The adder poisons you!
You are too injured to fight recklessly!
You are too injured to fight recklessly!
You closely miss the adder.
The adder is almost dead.
* * * LOW HITPOINT WARNING * * *
You feel sick. The adder completely misses you.
You are too injured to fight recklessly!
You barely miss the adder.
The adder is almost dead.
* * * LOW HITPOINT WARNING * * *
You feel sick. The adder barely misses you. The adder bites you.
* * * LOW HITPOINT WARNING * * *
You are too injured to fight recklessly!
You barely miss the adder.
The adder is almost dead.
* * * LOW HITPOINT WARNING * * *
You feel sick. The adder closely misses you.
You are too injured to fight recklessly!
You hit the adder but do no damage.
The adder is almost dead.
You die...

.. #..... .#.
#.#..# ....#....#
......#..#
.........#
#.##.#.#..#
#.#........#..#
#.#...........####
.....#...##..KS@#
.........###.####
. ........###.###
. ..............#
..#.#..#.......##
#.#.#..........#
#..<#..##..##..#
.......##......#
#.###.###.###..#


You could see an adder and a kobold.

Vanquished Creatures
  3 endoplasms (D:1)
  2 giant cockroaches (D:1)
  A goblin (D:1)
  3 hobgoblins (D:1)
  8 jackals (D:1)
  A kobold (D:1)
  A quokka (D:1)
  5 ball pythons (D:1)
  A bat (D:1)
  A frilled lizard (D:1)
  6 rats (D:1)
32 creatures vanquished.

Notes
Turn   | Place    | Note
-------+----------+-------------------------------------------
     0 | D:1      | lawman0 the Barachi Warper began the quest for the Orb.
     0 | D:1      | Reached XP level 1. HP: 17/17 MP: 3/3
   259 | D:1      | Reached XP level 2. HP: 16/23 MP: 5/5
  1111 | D:1      | Reached XP level 3. HP: 24/28 MP: 6/6
  1459 | D:1      | Learned a level 2 spell: Blink
  1463 | D:1      | Learned a level 3 spell: Frozen Ramparts
  1879 | D:2      | HP: 1/28 [poisoned by an adder]
  1880 | D:2      | Succumbed to an adder's poison

Illustrated notes

Levels and vault maps discovered:
D:1:      tarquinn_simple_flora_water_d, layout_basic, minmay_tetromino_s2
D:2:      layout_basic, hellmonk_ecumenical_altar_heavens_door, basic_altar

Skill      XL: |  1  2  3 |
---------------+----------+-----
Long Blades    | 3 |  3.2
Fighting       | |  2.7
Throwing       | |  1.0
Armour         | |  1.8
Dodging        | |  2.4
Stealth        | |  0.3
Spellcasting   | |  2.3
Translocations | |  3.6

Action                   || total
-------------------------++-------
Melee: Falchion          ||   119
 Abil: Hop               ||     1
 Stab: Sleeping          ||     1
Armor: Leather armour    ||    49
Dodge: Dodged            ||    74

Table legend: (Time is in decaauts)
 A = Elapsed time spent in this place.
 B = Non-inter-level travel time spent in this place.
 C = Inter-level travel time spent in this place.
 D = Time resting spent in this place.
 E = Time spent auto-exploring this place.
 F = Levels seen in this place.
 G = Mean time per level.
                   A        B        C        D        E       F      G
               +--------+--------+--------+--------+--------+-----+--------+
         Total |   2045 |   1995 |     50 |    300 |   1405 |   2 | 1022.5 |
       Dungeon |   2045 |   1995 |     50 |    300 |   1405 |   2 | 1022.5 |
               +--------+--------+--------+--------+--------+-----+--------+

Top non-repeatable levels by time:
     D:1: 1998 daAuts
     D:2: 46 daAuts
